 Dungeon Crawl Stone Soup version 0.32-a0-314-g526f7d4993 (webtiles) character file.

Game seed: 381853335564273272

342 inqbanana the Ducker (level 6, -6/3 HPs)
             Began as a Felid Berserker on Feb 16, 2024.
             Was a Believer of Trog.
             Mangled by a gnoll
             ... wielding a +0 flail
              (9 damage)
             ... on level 3 of the Dungeon.
             The game lasted 00:04:42 (1824 turns).

inqbanana the Ducker (Felid Berserker)              Turns: 1824, Time: 00:04:43

Health: -6/3       AC:  2    Str: 13    XL:     6   Next: 30%
Magic:  7/7        EV: 19    Int: 12    God:    Trog [**....]
Gold:   101        SH:  0    Dex: 16    Spells: 5/5 levels left
                                        Lives:  0   Deaths: 2

rFire   . .          .
                       - Unarmed
rCold   + . .        (shield unavailable)
rNeg    + + +        (body armour unavailable)
rPois   ∞            (helmet unavailable)
rElec   .            (cloak unavailable)
rCorr   .            (gloves unavailable)
SInv    +            (boots unavailable)
Will    +....        (no amulet)
Stlth   +++          (no ring)
HPRegen 0.20/turn    (no ring)
MPRegen 0.10/turn

%: no passive effects
@: death-form
A: vile attack, torment immunity, no potions, reduced hp, very small, claws 1,
fangs 3, see invisible, shaggy fur 2, stealthy paws, no weapons or thrown items,
no armour, multi-lived
a: Siphon Essence, Begin Untransformation, Renounce Religion, Trog's Hand


You were on level 3 of the Dungeon.
You worshipped Trog.
Trog was pleased with you.
You were an undying horror.
You visited 1 branch of the dungeon, and saw 3 of its levels.

You collected 101 gold pieces.

Inventory:

Talismans
 k - a talisman of death (active)
Wands
 h - a wand of flame (11)
Scrolls
 b - a scroll of identify {unknown}
 d - a scroll of blinking {unknown}
 e - a scroll of summoning {unknown}
 f - a scroll of silence {unknown}
 g - a scroll of enchant weapon {unknown}
 i - a scroll of teleportation {unknown}
 j - a scroll of noise {unknown}
Potions
 a - a potion of might {unknown}
 c - 2 potions of curing {unknown}
 l - a potion of heal wounds {unknown}


   Skills:
 + Level 4.1 Fighting
 + Level 5.5 Dodging
 + Level 3.8 Stealth
 + Level 5.0 Unarmed Combat
 * Level 0.0 Shapeshifting


You had 5 spell levels left.
You didn't know any spells.
Your spell library was empty.

Dungeon Overview and Level Annotations

Branches:
Dungeon (3/15)

Altars:
Nemelex Xobeh
Qazlal


Innate Abilities, Weirdness & Mutations

You are an undying horror.
Your melee and unarmed attacks drain, slow and weaken victims.
You are immune to unholy pain and torment.
You cannot drink.
Your maximum health is decreased, since you lack skill for your form.
You are immune to poison.
You have sharp claws.
You have razor-sharp teeth.
You have supernaturally acute eyesight. (SInv)
You are covered in thick fur. (AC +2)
Your paws help you pounce on unaware monsters.
You are incapable of wielding weapons or throwing items.
You cannot wear armour.
You gain extra lives every three experience levels.


Message History

Okay, then.
Unknown command.
A hobgoblin comes into view.
The hobgoblin shouts!
The hobgoblin closely misses you.
You mangle the hobgoblin!!
You kill the hobgoblin!
Trog accepts your kill.
You open the door.
There is an open door here.
A rat comes into view.
The helpless rat fails to defend itself.
You eviscerate the rat!!!
You kill the rat!
Trog accepts your kill.
You see here a rat corpse.
You open the door.
There is an open door here.
Found a stone staircase leading up.
Found a stone staircase leading down.
A hobgoblin comes into view.
The helpless hobgoblin fails to defend itself.
You mangle the hobgoblin!!
You kill the hobgoblin!
Trog accepts your kill.
You see here a hobgoblin corpse.
Found a stone staircase leading down.
Found a sparkling altar of Nemelex Xobeh.
A gnoll comes into view. It is wielding a +0 whip.
Found a clear potion.
A gnoll and a frilled lizard come into view.
You see here a clear potion.
l - a clear potion
Okay, then.
You closely miss the gnoll. You bite the gnoll.
The gnoll is lightly wounded.
The gnoll hits you with a +0 flail!
Ouch! That really hurt!
You die...

#### #.....#.#......
##### ##......_.......
....# #......#.#.....l
.##.# #.^.............
....######.####..........
##....##...# #..........
#..#....### #..........
#..#.#### #..........
##...# #.zg....... ......
#.......... +#...>.
########### #......
#....... #.......


You could see a gnoll.

Vanquished Creatures
  Sigmund (D:2)
  A bombardier beetle (D:2)
  Terence (D:2)
  3 adders
  A dart slug (D:1)
  A ribbon worm (D:2)
  An endoplasm (D:1)
  3 giant cockroaches (D:2)
  5 goblins
  7 hobgoblins
  4 kobolds
  A quokka (D:1)
  3 ball pythons
  5 bats
  5 frilled lizards
  9 rats
51 creatures vanquished.

Notes
Turn   | Place    | Note
-------+----------+-------------------------------------------
     0 | D:1      | inqbanana the Felid Berserker began the quest for the Orb.
     0 | D:1      | Reached XP level 1. HP: 12/12 MP: 2/2
   104 | D:1      | Reached XP level 2. HP: 16/16 MP: 3/3
   153 | D:1      | Reached skill level 1 in Stealth
   457 | D:1      | Reached XP level 3. HP: 16/20 MP: 4/4
   526 | D:1      | Reached ** piety under Trog
   860 | D:2      | Noticed Sigmund
   865 | D:2      | Killed from afar by Sigmund
   865 | D:2      | Lost a life (0 lives remaining)
   940 | D:2      | Killed Sigmund
   941 | D:2      | Reached skill level 5 in Dodging
   941 | D:2      | Reached XP level 4. HP: 25/25 MP: 5/5
   941 | D:2      | Gained a life (1 life remaining)
   941 | D:2      | Reached XP level 5. HP: 29/29 MP: 6/6
   977 | D:2      | Noticed Terence
  1020 | D:2      | Slain by Terence
  1020 | D:2      | Lost a life (0 lives remaining)
  1037 | D:2      | Killed Terence
  1250 | D:2      | Found a stormy altar of Qazlal.
  1275 | D:2      | Gained mutation: You are covered in thick fur. (AC +2)
                  | [Felid growth]
  1275 | D:2      | Reached XP level 6. HP: 32/33 MP: 7/7
  1358 | D:2      | Identified the +1 dagger of Disarray {vamp, Will+ Dex+3}
  1464 | D:2      | Reached skill level 5 in Unarmed Combat
  1809 | D:3      | Found a sparkling altar of Nemelex Xobeh.
  1824 | D:3      | Mangled by a gnoll

Illustrated notes

Levels and vault maps discovered:
D:1:      zelgadis_glass_arrival_large, layout_basic
D:2:      layout_loops_ring, basic_altar, minmay_indecisive_spiral,
          uniq_terence, uniq_sigmund
D:3:      layout_basic, lemuel_crystal_altar,
          mainiacjoe_overflow_surrounded_room

Skill      XL: |  1  2  3  4  5  6 |
---------------+-------------------+-----
Stealth        | 1 3 |  3.8
Dodging        | 5 |  5.5
Unarmed Combat | 4 5 |  5.0
Fighting       | 4 |  4.1

Action                     |  1- 3 |  4- 6 || total
---------------------------+-------+-------++-------
  Melee: Unarmed           |    72 |    93 ||   165
         Bite              |     7 |    11 ||    18
         Punch             |       |     1 ||     1
 Invoke: Berserk           |     1 |     1 ||     2
   Stab: Sleeping          |     2 |     5 ||     7
 Armour: Skin              |    21 |    22 ||    43
  Dodge: Dodged            |    52 |    76 ||   128
   Form: Death             |       |     1 ||     1

Table legend: (Time is in decaauts)
 A = Elapsed time spent in this place.
 B = Non-inter-level travel time spent in this place.
 C = Inter-level travel time spent in this place.
 D = Time resting spent in this place.
 E = Time spent auto-exploring this place.
 F = Levels seen in this place.
 G = Mean time per level.
                   A        B        C        D        E       F      G
               +--------+--------+--------+--------+--------+-----+--------+
         Total |   1832 |   1822 |     10 |      0 |   1287 |   3 |  610.7 |
       Dungeon |   1832 |   1822 |     10 |      0 |   1287 |   3 |  610.7 |
               +--------+--------+--------+--------+--------+-----+--------+

Top non-repeatable levels by time:
     D:1: 848 daAuts
     D:2: 755 daAuts
     D:3: 227 daAuts
